 Dungeon Crawl Stone Soup version 0.28.0-53-g5a82cb258f (webtiles) character file.

Game seed: 12889005049052793368

38 Zeld the Firebug (level 3, 0/19 HPs)
             Began as a Deep Elf Fire Elementalist on May 22, 2022.
             Killed from afar by Sigmund (7 damage)
             ... with a puff of flame
             ... on level 2 of the Dungeon.
             The game lasted 00:01:32 (2325 turns).

Zeld the Firebug (Deep Elf Fire Elementalist)       Turns: 2325, Time: 00:01:32

Health: 0/19       AC:  2    Str:  5    XL:     3   Next: 25%
Magic:  3/10       EV: 13    Int: 21    God:
Gold:   70         SH:  0    Dex: 15    Spells: 3/9 levels left

rFire   . . .      SeeInvis .   (no weapon)
rCold   . . .      Faith    .   (no shield)
rNeg    . . .      Spirit   .   a - +0 robe
rPois   .          Reflect  .   (no helmet)
rElec   .          Harm     .   (no cloak)
rCorr   .          Rampage  .   (no gloves)
Will    .....                   (no boots)
Stlth   ++........              (no amulet)
HPRegen 0.06/turn               (no ring)
MPRegen 0.12/turn               (no ring)

@: no status effects
A: no striking features
a: no special abilities


You were on level 2 of the Dungeon.
You visited 1 branch of the dungeon, and saw 2 of its levels.

You collected 70 gold pieces.

Inventory:

Armour
 a - a +0 robe (worn)
Scrolls
 b - a scroll of identify {unknown}
 e - a scroll of teleportation {unknown}
Potions
 c - a potion of brilliance {unknown}
 d - a potion of mutation {unknown}
 f - a potion of curing {unknown}


   Skills:
 + Level 2.9 Dodging
 - Level 2.4 Stealth
 * Level 3.8 Spellcasting
 + Level 1.6 Conjurations
 + Level 0.0 Hexes
 * Level 3.8 Fire Magic


You had 3 spell levels left.
You knew the following spells:

 Your Spells              Type           Power      Damage    Failure   Level
a - Foxfire               Conj/Fire      60%        2x1d7     4%          1
b - Scorch                Fire           40%        2d7       3%          2
c - Inner Flame           Hex/Fire       12%        N/A       17%         3

Your spell library contained the following spells:

 Spells                   Type           Power      Damage    Failure   Level
 Conjure Flame            Conj/Fire      15%        6-21      12%         3
 Flame Wave               Conj/Fire      15%        2d6       36%         4


Dungeon Overview and Level Annotations

Branches:
Dungeon (2/15)

Altars:

Annotations:
D:2 Sigmund


Message History

You are confused.
You climb upwards.
Reactivating autopickup.
There is a stone staircase leading down here.
You start waiting.
You feel less confused.
You start waiting.
Done waiting.
You climb downwards.
Level annotation: Sigmund
There is a stone staircase leading up here.
Casting: Scorch (safe; 3% risk of failure)
Confirm with . or Enter, or press ? or * to list all spells.
You conjure some foxfire!
Casting: Foxfire (safe; 4% risk of failure)
Confirm with . or Enter, or press ? or * to list all spells.
Flames lash Sigmund.
Sigmund is lightly wounded.
Sigmund's fire resistance burns away.
The foxfire hits Sigmund but does no damage.
Sigmund is lightly wounded.
The foxfire hits Sigmund.
Sigmund is lightly wounded.
Casting: Scorch (safe; 3% risk of failure)
Confirm with . or Enter, or press ? or * to list all spells.
Flames lash Sigmund.
Sigmund is burned terribly!
Sigmund is moderately wounded.
Unknown command.
Casting: Scorch (safe; 3% risk of failure)
Confirm with . or Enter, or press ? or * to list all spells.
Flames lash Sigmund.
Sigmund is burned terribly!
Sigmund is moderately wounded.
Sigmund hits you from afar with a +5 scythe of protection!
Ouch! That really hurt!
Unknown command.
Unknown command.
Sigmund giggles. "Time to reap what you sow."
Sigmund points at you and mumbles some strange words.
The puff of flame hits you!
You die...

.............. # #..#
#...#.##[.#### #. #..#
#...#.##..# #.##..#
#...#.##..# .....#
#...#.##..# #...#
#...#.##..####
.####...###...#.........
........#...............
##..@.@....####..####
........................
.####.#.####..####..####
#.#.# #.........# # #
### #.......... ..
####.#####..#####..####
...@........# #..# .
#.......##..# #..#
#..............


You could see Sigmund (combustible).

Vanquished Creatures
  A worm (D:2)
  2 dart slugs (D:1)
  2 endoplasms
  3 giant cockroaches
  4 goblins
  5 hobgoblins
  2 kobolds (D:1)
  2 ball pythons (D:1)
  2 bats (D:1)
  3 frilled lizards
  4 rats
30 creatures vanquished.

Vanquished Creatures (others)
  133 foxfires
133 creatures vanquished.

Grand Total: 163 creatures vanquished

Notes
Turn   | Place    | Note
-------+----------+-------------------------------------------
     0 | D:1      | Zeld the Deep Elf Fire Elementalist began the quest for the
                  | Orb.
     0 | D:1      | Reached XP level 1. HP: 10/10 MP: 6/6
   286 | D:1      | Reached XP level 2. HP: 15/15 MP: 2/8
   988 | D:1      | Found a faded altar of an unknown god.
  1328 | D:2      | Learned a level 2 spell: Scorch
  1348 | D:2      | Reached XP level 3. HP: 19/19 MP: 0/10
  1352 | D:2      | Learned a level 3 spell: Inner Flame
  1524 | D:2      | Noticed Sigmund
  2325 | D:2      | Killed from afar by Sigmund

Illustrated notes

Levels and vault maps discovered:
D:1:      minmay_arrival_four_houses, layout_rooms,
          hellmonk_ecumenical_altar_inner_sanctum, minmay_tree_intersection
D:2:      layout_basic, serial_shops, nicolae_shop_advertising_works
          [nicolae_subvault_shop_adworks], minmay_ruptured, uniq_sigmund

Action                   || total
-------------------------++-------
Melee: Unarmed           ||     5
 Cast: Foxfire           ||    87
       Scorch            ||    11
Armor: Robe              ||     7
Dodge: Dodged            ||    21
